 Dungeon Crawl Stone Soup version 0.16-a0-2710-g8b41a68 (webtiles) character file.

49 Kemay the Ducker (level 3, 0/23 HPs)
             Began as an Octopode Transmuter on Nov 26, 2014.
             Slain by a goblin (1 damage)
             ... led by Robin
             ... on level 2 of the Dungeon.
             The game lasted 00:07:40 (1641 turns).

Kemay the Ducker (Octopode Transmuter)              Turns: 1641, Time: 00:07:40

Health: 0/23       AC:  2    Str:  6 (9)  XL:     3   Next: 77%
Magic:  0/6        EV: 14    Int: 15      God:
Gold:   46         SH:  0    Dex: 16      Spells: 1 memorised, 5 levels left

rFire  . . .     SeeInvis .       - Unarmed
rCold  . . .     Clarity  .     (no shield)
rNeg   . . .     SustAb   .     g - +1 hat {Spirit}
rPois  +         Gourm    .     (no amulet)
rElec  .         Spirit   +     e - +3 ring of dexterity
rCorr  .         Warding  .     n - ring of poison resistance
rMut   .         Stasis   .     (no ring)
MR     .....                    (no ring)
Stlth  ++........               (no ring)
                                (no ring)
                                (no ring)
                                (no ring)

@: appendage (expiring), not resistant to hostile enchantments, unstealthy
A: almost no armour, amphibious, 8 rings, constrict 8, tentacle spike 3,
camouflage 1, gelatinous body 1
a: End Transformation


You were on level 2 of the Dungeon.
You were not hungry.
One of your tentacles had a temporary spike.
You visited 1 branch of the dungeon, and saw 2 of its levels.

You collected 46 gold pieces.

Inventory:

Hand weapons
 i - a +0 dagger of venom
Missiles
 b - 12 arrows
 o - 10 arrows of flame
Armour
 g - a +1 hat of spirit shield (worn)
Jewellery
 e - a +3 ring of dexterity (left tentacle)
 n - a ring of poison resistance (right tentacle)
Scrolls
 c - a scroll of fear
 j - a scroll of recharging
Books
 d - a book of Changes

   Spells                             Type                      Level
   *Beastly Appendage                 Transmutation                1
   Sticks to Snakes                   Transmutation                2
   Spider Form                        Transmutation/Poison         3
   Ice Form                           Ice/Transmutation            4
   Blade Hands                        Transmutation                5
Comestibles
 a - 2 bread rations
 f - 6 chunks of flesh
 h - a beef jerky
 k - a meat ration


   Skills:
 - Level 1.0 Fighting
 + Level 4.0 Dodging
 - Level 3.0 Unarmed Combat
 - Level 2.0 Spellcasting
 - Level 2.0 Transmutations


You had 5 spell levels left.
You knew the following spells:

 Your Spells              Type           Power        Failure   Level  Hunger
a - Beastly Appendage     Trmt           #.....       12%         1    #......


Dungeon Overview and Level Annotations

Branches:
Dungeon (2/15)

Altars:
Nemelex Xobeh
Vehumet

Annotations:
D:2 Robin


Innate Abilities, Weirdness & Mutations

You cannot wear most types of armour.
You are amphibious.
You can wear up to eight rings at the same time.
You can use your tentacles to constrict many enemies at once.
Your skin changes colour to match your surroundings (Stealth).
Your rubbery body absorbs attacks (AC +1).
One of your tentacles bears a large vicious spike.


Message History

Robin is moderately wounded.
Your transformation is almost over.
You constrict Robin. The goblin barely misses you. Robin misses you.
The goblin hits you.
* * * LOW HITPOINT WARNING * * *
Unknown command.
You tentacle-slap Robin.
You pierce Robin, but do no damage.
Robin is heavily wounded.
You constrict Robin. The goblin hits you with a club.
* * * LOW HITPOINT WARNING * * *
The goblin misses you.
You tentacle-slap Robin but do no damage.
Robin is severely wounded.
You constrict Robin, but do no damage. Robin closely misses you.
The goblin closely misses you.
You tentacle-slap Robin but do no damage.
You pierce Robin, but do no damage.
Robin is severely wounded.
You constrict Robin, but do no damage. The goblin hits you.
You die...

#......)...# #####.######
#.#### ######## #....#
#......# ######.# #......#
#...##.# #.....(# #.#....##
#......#
#......g####......#
#.#..#..@ggg......#######
#.#..##g##g#.............
###....##.##.#.............
#...(.###....######.....(..
#####+#...#### #...<....
#........# #.......g
#........# #...g..gg
#........# #......g
####'#...# #g.g...


You could see Robin, 3 hobgoblins and 2 goblins.

Vanquished Creatures
  An adder (D:2)
  2 giant geckos (D:2)
  A ball python (D:1)
  3 bats (D:1)
  A giant cockroach (D:1)
  5 hobgoblins
  3 jackals (D:2)
  4 kobolds
  3 quokkas (D:2)
  2 giant newts (D:1)
  8 goblins (D:2)
  4 rats
37 creatures vanquished.

Notes
Turn   | Place    | Note
--------------------------------------------------------------
     0 | D:1      | Kemay, the Octopode Transmuter, began the quest for the Orb.
     0 | D:1      | Reached XP level 1. HP: 13/13 MP: 3/3
   315 | D:1      | Reached XP level 2. HP: 18/18 MP: 4/4
   990 | D:2      | Reached XP level 3. HP: 19/23 MP: 3/6
  1488 | D:2      | Found a sparkling altar of Nemelex Xobeh.
  1488 | D:2      | Found a radiant altar of Vehumet.
  1553 | D:2      | Noticed Robin
  1596 | D:2      | Reached skill level 4 in Dodging
  1639 | D:2      | HP: 1/23 [goblin/club[Robin] (3)]
  1641 | D:2      | Slain by a goblin

Action                   || total
-------------------------++-------
Melee: Unarmed           ||    89
       Dagger            ||     3
 Cast: Beastly Appendage ||    14
  Use: Scroll            ||     9
       Potion            ||     4
 Stab: Sleeping          ||     4
  Eat: Chunk             ||     3
